 Dungeon Crawl Stone Soup version 0.20-a0-1024-ge4c44be (webtiles) character file.

127 HankScorpio the Cudgeler (level 5, -2/30 HPs)
             Began as a Gargoyle Gladiator on Apr 19, 2017.
             Killed by divine providence
             ... invoked by an orc priest
              (13 damage)
             ... on level 3 of the Dungeon.
             The game lasted 00:03:56 (1633 turns).

HankScorpio the Cudgeler (Gargoyle Gladiator)       Turns: 1633, Time: 00:03:57

Health: -2/30      AC: 13    Str: 19    XL:     5   Next: 11%
Magic:  5/5        EV:  5    Int:  8    God:
Gold:   57         SH:  7    Dex: 11    Spells: 4/4 levels left

rFire    . . .     SeeInvis .   a - +0 flail
rCold    . . .     Gourm    .   o - +0 shield
rNeg     + . .     Faith    .   h - +0 chain mail
rPois    ∞         Spirit   .   c - +0 helmet
rElec    +         Reflect  .   (no cloak)
rCorr    .         Harm     .   (no gloves)
MR       .....                  (no boots)
Stlth    ..........             (no amulet)
Regen    0.1/turn               (no ring)
MPRegen  0.1/turn               (no ring)

@: no status effects
A: negative energy resistance 1, electricity resistance, unbreathing,
petrification resistance, rot immunity, AC +4
a: no special abilities


You were on level 3 of the Dungeon.
You were hungry.

You visited 1 branch of the dungeon, and saw 3 of its levels.

You collected 57 gold pieces.

Inventory:

Hand Weapons
 a - a +0 flail (weapon)
Missiles
 d - 3 throwing nets (quivered)
Armour
 b - a +0 leather armour
 c - a +0 helmet (worn)
 h - a +0 chain mail (worn)
 o - a +0 shield (worn)
Jewellery
 v - an uncursed ring of stealth {unknown}
Scrolls
 i - a scroll of fog {unknown}
 k - 3 scrolls of teleportation {unknown}
 l - 4 scrolls of enchant weapon {unknown}
 m - a scroll of remove curse {unknown}
 p - 4 scrolls of identify {unknown}
 s - 2 scrolls of magic mapping {unknown}
 u - a scroll of fear {unknown}
Potions
 e - 2 potions of curing {unknown}
 g - a potion of cancellation {unknown}
 j - a potion of ambrosia {unknown}
 n - 2 potions of mutation {unknown}
 q - 2 potions of agility {unknown}
 r - a potion of flight {unknown}
 w - 2 potions of lignification {unknown}
Comestibles
 f - 2 bread rations
 t - a meat ration


   Skills:
 - Level 2.1 Fighting
 + Level 5.6 Maces & Flails
 - Level 1.7 Throwing
 - Level 2.4 Dodging


You had 4 spell levels left.
You didn't know any spells.

Dungeon Overview and Level Annotations

Branches:
Dungeon (3/15)

Altars:
Qazlal


Innate Abilities, Weirdness & Mutations

You are resistant to torment.
Your stone body is resilient. (AC +4)
You are immune to poison.
You resist negative energy. (rN+)
You are resistant to electric shocks. (rElec)
You can survive without breathing.
You are immune to petrification.
You are immune to rotting.


Message History

The orc priest mumbles some strange prayers to Beogh against you.
You barely resist. You hit the orc priest.
The orc priest is moderately wounded.
The orc hits you but does no damage. You block the orc priest's attack.
The orc priest barely misses you.
You see here an orc corpse.
The orc priest hits you but does no damage.
The orc closely misses you.
You hit the orc priest.
The orc priest is heavily wounded.
The orc priest hits you but does no damage.
You block the orc's attack.
You hit the orc priest but do no damage.
The orc priest is heavily wounded.
The orc priest hits you but does no damage.
The orc hits you but does no damage.
The orc priest invokes the aid of Beogh against you.
Beogh smites you!
You die...

######### #.......# #.......#
####################.......###
................##.'.......+.#
######.########..#.#.......#.#
#..# ##@#.#########.# ##.# #oo.#
#.# ##.## ##..# #.#
######...########..#########.####
...##.....##........).......[....
.#...†.♣.....###.#.#########.###.
))####...###.#..<............# #.
#.## #...#.####..#.#########.###.
#..# #.<.#.....................#.


You could see an orc priest and an orc.

Vanquished Creatures
  3 gnolls (D:2)
  3 adders
  2 worms
  2 dart slugs
  6 orcs (D:3)
  4 giant cockroaches
  7 hobgoblins
  2 jackals (D:1)
  3 ball pythons
  5 bats
  5 frilled lizards
  8 goblins
  2 kobolds (D:1)
  4 rats
56 creatures vanquished.

Notes
Turn   | Place    | Note
-------+----------+-------------------------------------------
     0 | D:1      | HankScorpio the Gargoyle Gladiator began the quest for the Orb.
     0 | D:1      | Reached XP level 1. HP: 12/12 MP: 1/1
   167 | D:1      | Reached XP level 2. HP: 13/17 MP: 2/2
   462 | D:1      | Reached skill level 4 in Maces & Flails
   487 | D:1      | Reached XP level 3. HP: 19/21 MP: 3/3
   858 | D:2      | Reached XP level 4. HP: 25/26 MP: 4/4
   937 | D:2      | Reached skill level 5 in Maces & Flails
  1335 | D:3      | Noticed an air elemental
  1336 | D:3      | Found a stormy altar of Qazlal.
  1347 | D:3      | Noticed a water elemental
  1395 | D:3      | Reached XP level 5. HP: 30/30 MP: 5/5
  1467 | D:3      | Noticed a fire elemental
  1633 | D:3      | Killed from afar by an orc priest

Vault maps used:
D:1:      dpeg_arrival_simpleton_a
D:3:      first_bread, grunt_ministairs_15, nicolae_qazlal_style_of_elements

Skill      XL: |  1  2  3  4 |
---------------+-------------+-----
Maces & Flails | 4 5 |  5.6
Fighting       | |  2.1
Throwing       | |  1.7
Dodging        | |  2.4

Action                   |  1- 3 |  4- 6 || total
-------------------------+-------+-------++-------
Melee: Flail             |   119 |    84 ||   203
  Eat: Chunk             |       |     2 ||     2
Armor: Leather armour    |     6 |       ||     6
       Chain mail        |    79 |    39 ||   118
Dodge: Dodged            |    26 |    20 ||    46
Block: Shield            |    40 |    29 ||    69
